 Dungeon Crawl Stone Soup version 0.29.1-14-g9c671dbff4 (webtiles) character file.

Game seed: 8102117504956068561

16 xian the Digger (level 2, -7/19 HPs)
             Began as a Demonspawn Earth Elementalist on Feb 16, 2023.
             Mangled by a worm (8 damage)
             ... on level 2 of the Dungeon.
             The game lasted 00:02:14 (1643 turns).

xian the Digger (Demonspawn Earth Elementalist)     Turns: 1643, Time: 00:02:14

Health: -7/19      AC: 10    Str:  8    XL:     2   Next: 41%
Magic:  5/5        EV: 11    Int: 16    God:
Gold:   25         SH:  0    Dex: 13    Spells: 4/5 levels left

rFire   . . .      SeeInvis .   a - +0 mace (protect)
rCold   . . .      Faith    .   (no shield)
rNeg    . . .      Spirit   .   c - +0 leather armour
rPois   .          Reflect  .   (no helmet)
rElec   .          Harm     .   (no cloak)
rCorr   .          Rampage  .   (no gloves)
Will    .....                   (no boots)
Stlth   ++........              (no amulet)
HPRegen 0.06/turn               (no ring)
MPRegen 0.18/turn               (no ring)

@: under a protective aura
A: magic regeneration
a: no special abilities


You were on level 2 of the Dungeon.
You visited 1 branch of the dungeon, and saw 2 of its levels.

You collected 25 gold pieces.

Inventory:

Hand Weapons
 a - a +0 mace of protection (weapon)
Armour
 c - a +0 leather armour (worn)
Scrolls
 d - a scroll of fear {unknown}
 f - a scroll of identify {unknown}
 g - a scroll of enchant weapon {unknown}
Potions
 b - a potion of magic
 e - a potion of haste {unknown}
 h - a potion of resistance {unknown}


   Skills:
 + Level 0.2 Maces & Flails
 + Level 1.9 Dodging
 + Level 1.8 Stealth
 + Level 2.1 Spellcasting
 + Level 0.8 Transmutations
 + Level 3.1 Earth Magic


You had 4 spell levels left.
You knew the following spells:

 Your Spells              Type           Power      Damage    Failure   Level
a - Sandblast             Erth           22%        2d7       9%          1

Your spell library contained the following spells:

 Spells                   Type           Power      Damage    Failure   Level
 Passwall                 Tmut/Erth      6%         N/A       21%         2
 Stone Arrow              Conj/Erth      12%        3d7       43%         3
 Petrify                  Tmut/Erth      8%         N/A       78%         4


Dungeon Overview and Level Annotations

Branches:
Dungeon (2/15)

Altars:


Innate Abilities, Weirdness & Mutations

You regenerate magic rapidly.


Message History

The quokka bites you but does no damage.
You hit the quokka.
You kill the quokka!
You see here a +0 club.
There is an open door here.
There is a stone staircase leading down here.
Done exploring.
Done exploring.
There is a stone staircase leading down here.
You climb downwards.
Found 4 stones.
There is a stone staircase leading up here.
Found a scroll labelled QYVURA XEUCY.
A worm comes into view.
Found a stone staircase leading up.
You miscast Sandblast.
You are very lightly contaminated with residual magic.
Nothing appears to happen.
The worm bites you.
You barely miss the worm. The worm barely misses you.
You hit the worm but do no damage.
Your weapon exudes an aura of protection.
You hit the worm.
The worm is moderately wounded.
The worm bites you.
You completely miss the worm.
The worm is lightly wounded.
The worm bites you.
Your magical contamination has completely faded away.
You barely miss the worm.
The worm is lightly wounded.
The worm bites you but does no damage.
You barely miss the worm.
The worm is lightly wounded.
The worm bites you!
* * * LOW HITPOINT WARNING * * *
You hit the worm but do no damage.
Your weapon exudes an aura of protection.
The worm bites you!
You die...

#.........#
#.........#
#.<.......#
#.?......##
####........#
...........(#
#........#
#.w@.....#
#........#
#####....#
#.#### #<#
###


You could see a worm.

Vanquished Creatures
  4 endoplasms (D:1)
  A giant cockroach (D:1)
  A hobgoblin (D:1)
  3 kobolds (D:1)
  A quokka (D:1)
  A ball python (D:1)
  A bat (D:1)
  A frilled lizard (D:1)
  A goblin (D:1)
  2 rats (D:1)
16 creatures vanquished.

Notes
Turn   | Place    | Note
-------+----------+-------------------------------------------
     0 | D:1      | xian the Demonspawn Earth Elementalist began the quest for
                  | the Orb.
     0 | D:1      | Reached XP level 1. HP: 13/13 MP: 3/3
   248 | D:1      | Reached skill level 3 in Earth Magic
   591 | D:1      | Gained mutation: You regenerate magic rapidly. [demonic
                  | ancestry]
   591 | D:1      | Reached XP level 2. HP: 2/19 MP: 5/5
  1643 | D:2      | Mangled by a worm

Illustrated notes

Levels and vault maps discovered:
D:1:      dpeg_arrival_line_fractal, layout_basic
D:2:      minmay_diamond_boxcup, layout_basic, serial_shops,
          nicolae_square_shop, chequers_decorated_corner, dk_vineyard_3

Skill      XL: |  1 |
---------------+----+-----
Earth Magic    | 3 |  3.1
Maces & Flails | |  0.2
Dodging        | |  1.9
Stealth        | |  1.8
Spellcasting   | |  2.1
Transmutations | |  0.8

Action                   || total
-------------------------++-------
Melee: Mace              ||    45
       Unarmed           ||     1
Armor: Leather armour    ||     9
Dodge: Dodged            ||    33
